AoeStats
← Eladoking123

Arena

506346582Analyzed
4v4 RM · 18d ago on Sep 13, 2026· 50m 33s· 8 players
Game mode
Random Map
Map size
Large (8 player)
Population
200
Speed
Normal
Resources
Standard
Victory
Conquest
Starting age
Dark Age
Ending age
Imperial Age
RankedLock teamsTeams togetherTeam positionsShared explorationLock speedFull tech treeHidden civsTurbo modeCheats
Victory
Defeat
🇳🇿 Chinese · New Zealand
943
+12
🇮🇳 Hindustanis · India
942
+12
🇯🇵 Italians · Japan
898
+14
🇹🇼 Magyars · Taiwan
838
+16
🇦🇷 Britons · Argentina
851
-14
🇦🇷 Dravidians · Argentina
851
-14
🇦🇷 Romans · Argentina
845
-13
🇮🇹 Persians · Italy
834
-13
y_oshi
10:54 Feudal Age
9:28 Loom
16:04 Castle Age
13:59 Stone Mining
14:21 Double-Bit Axe
17:11 Wheelbarrow
16:24 Horse Collar
18:52 Fervor
22:13 Heavy Plow
22:31 Gold Mining
22:55 Bow Saw
29:28 Imperial Age
27:13 Elite Skirmisher
27:45 Town Watch
29:23 Silk Road
29:00 Fletching
29:10 Padded Archer Armor
29:46 Caravan
30:20 Ballistics
30:14 Forging
31:53 Thumb Ring
32:54 Leather Archer Armor
32:36 Bodkin Arrow
33:24 Iron Casting
34:05 Chemistry
34:06 Conscription
35:05 Bloodlines
34:55 Husbandry
36:21 Hoardings
36:03 Cavalier
37:11 Bracer
38:48 Hand Cart
38:43 Scale Barding Armor
40:57 Ring Archer Armor
41:29 Blast Furnace
40:22 Light Cavalry
42:31 Elite Genoese Crossbowman
44:40 Guilds
46:42 Pirotechnia
48:14 Stone Shaft Mining
47:10 Hussar
48:38 Chain Barding Armor
50:09 Masonry
49:45 Arrowslits
49:56 Murder Holes
49:42 Treadmill Crane
噴射大肉G
10:29 Feudal Age
11:01 Double-Bit Axe
15:59 Castle Age
14:13 Horse Collar
17:27 Heavy Plow
22:04 Gold Mining
23:14 Wheelbarrow
25:27 Loom
26:27 Gold Shaft Mining
29:16 Imperial Age
27:48 Scale Barding Armor
27:57 Bloodlines
29:29 Chain Barding Armor
30:46 Plate Barding Armor
30:18 Husbandry
31:02 Corvinian Army
32:30 Elite Magyar Huszar
33:50 Crop Rotation
34:24 Conscription
37:23 Bow Saw
38:23 Treadmill Crane
39:29 Parthian Tactics
39:10 Thumb Ring
39:33 Ballistics
40:26 Two-Man Saw
41:00 Town Watch
42:12 Fletching
42:23 Padded Archer Armor
41:55 Heavy Cavalry Archer
43:57 Chemistry
43:10 Bodkin Arrow
44:23 Hand Cart
44:22 Masonry
44:26 Bracer
44:42 Leather Archer Armor
45:55 Caravan
46:24 Town Patrol
47:26 Siege Engineers
shephajona
0:35 Loom
9:54 Feudal Age
11:20 Wheelbarrow
19:12 Castle Age
17:37 Double-Bit Axe
18:28 Forging
18:13 Horse Collar
19:30 Fletching
20:27 Hand Cart
25:41 Scale Barding Armor
34:20 Imperial Age
32:26 Bodkin Arrow
33:48 Bow Saw
33:40 Heavy Plow
34:19 Iron Casting
34:05 Chain Barding Armor
34:26 Bloodlines
35:04 Capped Ram
37:35 Plate Barding Armor
37:19 Town Watch
37:01 Siege Ram
37:18 Cavalier
40:38 Blast Furnace
39:56 Bracer
41:19 Gold Mining
42:46 Gold Shaft Mining
46:49 Two-Man Saw
45:54 Padded Archer Armor
45:55 Scale Mail Armor
47:09 Elite Chu Ko Nu
49:05 Chemistry
48:16 Masonry
48:53 Chain Mail Armor
48:54 Leather Archer Armor
48:31 Stone Mining
49:32 Murder Holes
50:30 Rocketry
iamlegolas312
0:27 Loom
10:27 Feudal Age
17:02 Castle Age
18:01 Double-Bit Axe
18:50 Horse Collar
23:23 Heavy Plow
26:03 Wheelbarrow
27:03 Bow Saw
27:36 Fervor
29:58 Imperial Age
27:48 Stone Mining
27:50 Gold Mining
28:57 Hand Cart
29:20 Caravan
30:00 Stone Shaft Mining
30:55 Town Watch
32:00 Gold Shaft Mining
31:59 Forging
31:55 Scale Barding Armor
32:59 Two-Man Saw
32:26 Town Patrol
33:09 Bloodlines
32:20 Heavy Camel Rider
33:40 Iron Casting
34:49 Chain Barding Armor
35:53 Blast Furnace
37:00 Plate Barding Armor
37:07 Conscription
38:10 Imperial Camel Rider
38:51 Fletching
40:34 Chemistry
39:31 Murder Holes
41:43 Husbandry
44:41 Shatagni
46:32 Hoardings
46:10 Masonry
45:55 Murder Holes
46:21 Ballistics
46:08 Bodkin Arrow
46:19 Squires
46:05 Arson
46:59 Illumination
46:54 Sanctity
matteofalconi1990
9:47 Feudal Age
11:01 Wheelbarrow
10:17 Double-Bit Axe
13:45 Horse Collar
18:51 Castle Age
19:35 Hand Cart
20:25 Bow Saw
21:29 Heavy Plow
25:10 Gold Mining
25:11 Stone Mining
25:19 Stone Mining
30:58 Imperial Age
29:46 Pikeman
30:27 Squires
31:25 Gold Shaft Mining
31:44 Crop Rotation
32:17 Two-Man Saw
32:57 Conscription
34:09 Guilds
35:56 Scale Mail Armor
36:07 Forging
35:56 Murder Holes
36:15 Halberdier
39:52 Chain Mail Armor
40:13 Iron Casting
42:52 Caravan
46:24 Blast Furnace
45:30 Scale Barding Armor
44:51 Heavy Camel Rider
𒉭 Kusu 𒉭
12:02 Feudal Age
13:10 Feudal Age
13:29 Feudal Age
17:27 Castle Age
16:54 Stone Mining
16:56 Gold Mining
19:23 Gold Shaft Mining
24:26 Wheelbarrow
24:38 Double-Bit Axe
25:44 Hand Cart
26:30 Horse Collar
30:05 Imperial Age
27:57 Fletching
28:07 Padded Archer Armor
29:38 Leather Archer Armor
29:18 Bodkin Arrow
29:31 Heavy Plow
29:51 Caravan
31:48 Chemistry
31:15 Ballistics
31:47 Elite Longbowman
32:47 Conscription
35:04 Heavy Scorpion
37:45 Siege Engineers
40:40 Bracer
41:10 Ring Archer Armor
41:15 Pikeman
41:55 Squires
46:30 Gambesons
47:14 Forging
47:04 Scale Mail Armor
46:29 Halberdier
46:39 Elite Skirmisher
Intelwhite
1:32 Loom
12:38 Feudal Age
13:56 Double-Bit Axe
13:54 Horse Collar
18:56 Castle Age
17:57 Gold Mining
18:15 Scale Mail Armor
18:25 Forging
19:17 Forging
20:10 Bow Saw
21:26 Heavy Plow
26:12 Wheelbarrow
26:00 Chain Mail Armor
26:24 Iron Casting
26:22 Man-at-Arms
27:53 Ballistics
27:59 Stone Mining
28:18 Long Swordsman
31:10 Ballistas
32:05 Caravan
32:52 Hand Cart
34:56 Scale Barding Armor
38:40 Imperial Age
39:21 Heavy Scorpion
42:31 Blast Furnace
42:55 Chemistry
44:02 Legionary
Eladoking123
11:03 Feudal Age
12:29 Double-Bit Axe
17:44 Castle Age
19:47 Bow Saw
19:29 Gold Mining
19:23 Horse Collar
26:26 Heavy Plow
26:19 Loom
26:24 Town Watch
27:41 Wheelbarrow
27:40 Fletching
27:50 Padded Archer Armor
32:41 Bodkin Arrow
32:49 Padded Archer Armor
36:02 Imperial Age
33:55 Medical Corps
39:51 Imperial Age
39:02 Gambesons
41:12 Thumb Ring
40:33 Elite Skirmisher
41:29 Man-at-Arms
42:11 Squires
44:35 Wootz Steel
44:38 Conscription
44:54 Pikeman
46:47 Halberdier
Connection lost

Rejoining the realm…

Still unreachable

The connection could not be restored.

Session expired

The server has moved on; the page needs a fresh start.